 Dungeon Crawl Stone Soup version bcrawl-1.39.1 (webtiles) character file.

Game seed: 16503172590487890413

354416 Grijm the Basher (level 12, -2/84 HPs)
             Began as a Yellow Draconian Ice Elementalist on Sept 21, 2023.
             Was a Priest of Hepliaklqana.
             Killed by refrigeration
             ... invoked by Fannar
              (19 damage)
             ... on level 2 of the Lair of Beasts.
             The game lasted 00:46:52 (13436 turns).

Grijm the Basher (DrIE)                            Turns: 13436, Time: 00:46:53

Health: -2/84      AC: 13    Str: 12    XL:     12   Next: 8%
Magic:  25/25      EV: 12    Int: 20    God:    Hepliaklqana [***...]
Gold:   694        SH:  0    Dex: 11    Spells: 18/29 levels left

rFire    . . .     GDR:     23% s - +2 hand crossbow (venom)
rCold    . . .     SeeInvis .   (no shield)
rNeg     . . .     Gourm    .   (armour unavailable)
rPois    .         Faith    .   S - +2 hat {MR+}
rElec    +         Spirit   .   D - +0 cloak (curse)
rCorr    +         Reflect  .   N - +0 pair of gloves
MR       +....                  M - +0 pair of boots
Stlth    ++........             (no amulet)
HPRegen  0.24/turn              R - ring of insulation
MPRegen  0.19/turn              (no ring)

@: slowed, very slow
A: spit acid, acid resistance, unfitting armour, reduced essence, cold-blooded,
AC +8
a: Breathe Acid, Recall Ancestor, Ancestor Identity, Transference, Renounce
Religion


You were on level 2 of the Lair of Beasts.
You worshipped Hepliaklqana.
Hepliaklqana was most pleased with you.
You were very hungry.

You visited 3 branches of the dungeon, and saw 12 of its levels.

You collected 694 gold pieces.

Inventory:

Hand Weapons
 a - a +2 whip of electrocution
 d - a +3 flail of holy wrath
 q - a +0 blowgun
 s - a +2 hand crossbow of venom (weapon)
Missiles
 m - 1732 arrows
 p - 1400 stones
 t - 726 sling bullets
 v - 523 poisoned needles
 B - 95 javelins
 E - 469 bolts (quivered)
 O - 6 throwing nets {=f}
Armour
 h - a +0 buckler
 D - a cursed +0 cloak (worn)
 M - a +0 pair of boots (worn)
 N - a +0 pair of gloves (worn)
 P - a scarf of clouds
 S - a +2 hat of magic resistance (worn)
Magical Staves
 J - an uncursed staff of fire {unknown}
Jewellery
 I - a cursed ring of teleportation {unknown}
 L - a cursed ring of wizardry {unknown}
 R - a ring of insulation (left hand)
Wands
 b - a wand of iceblast (4)
 y - a wand of clouds (1)
 K - a wand of random effects (9)
Scrolls
 f - 2 scrolls of immolation
 j - a scroll of enchant armour {unknown}
 l - 4 scrolls of teleportation
 o - 3 scrolls of amnesia
 r - 4 scrolls of revelation
 w - 2 scrolls of remove curse {unknown}
 A - 2 scrolls of blinking
 H - a scroll of fog {unknown}
Potions
 c - 3 potions of heal wounds {unknown}
 g - 3 potions of lignification {unknown}
 i - 3 potions of brilliance {unknown}
 k - 3 potions of mutation {unknown}
 n - 2 potions of invisibility {unknown}
 u - a potion of might {unknown}
 x - a potion of flight {unknown}
 z - 2 potions of cancellation {unknown}
 C - a potion of curing
 F - a potion of magic {unknown}
 G - 2 potions of haste
 Q - 2 potions of ambrosia {unknown}
Comestibles
 e - 20 rations {!d}


   Skills:
 - Level 5.0 Fighting
 - Level 10.0 Maces & Flails
 - Level 1.7 Dodging
 - Level 2.0 Stealth
 - Level 4.0 Shields
 + Level 9.4 Spellcasting
 - Level 6.0 Conjurations
 - Level 4.0 Summonings
 - Level 10.0 Ice Magic
 - Level 4.0 Evocations


You had 18 spell levels left.
You knew the following spells:

 Your Spells              Type           Power        Failure   Level  Hunger
a - Freeze                Ice            #####.       1%          1    None
b - Throw Frost           Conj/Ice       #####.       1%          2    None
c - Throw Icicle          Conj/Ice       #####...     2%          4    ##.....
d - Summon Ice Beast      Ice/Summ       #####...     4%          4    ##.....

Your spell library contained the following spells:

 Spells                   Type           Power        Failure   Level  Hunger
 Ozocubu's Armour         Chrm/Ice       ####....     2%          3    None
 Ice Form                 Ice/Tmut       ####....     10%         4    ##.....
 Fireball                 Conj/Fire      ###.......   52%         5    ####...
 Bolt of Magma            Conj/Fire/Erth ###.......   65%         5    ####...
 Steam Barrier            Chrm/Fire      #.........   90%         5    ####...
 Bolt of Fire             Conj/Fire      ###.......   97%         6    #####..
 Ignition                 Fire           #.........   100%        8    #######


Dungeon Overview and Level Annotations

Branches:
Dungeon (9/12)             Temple (1/1) D:6            Lair (2/6) D:9
  Swamp: Lair:2-4    Shoals: Lair:2-4     Snake: Lair:2-4    Spider: Lair:2-4
    Orc: D:8-11

Altars:
Ashenzari
Cheibriados
Dithmenos
Elyvilon
Fedhas
Gozag
Hepliaklqana
Kikubaaqudgha
Lugonu
Makhleb
Nemelex Xobeh
Okawaru
Qazlal
Ru
Sif Muna
Trog
Uskayaw
Vehumet
Wu Jian
Xom
Yredelemnul
Zin
The Shining One

Shops:
D:6 %   D:8 (   D:9 :

Annotations:
D:8 4 transporters, Burana's ghost, novice VSAc
Lair:1 exclusion: oklob plant
Lair:2 Fannar


Innate Abilities, Weirdness & Mutations

You can spit globs of acid.
You are resistant to acid.
Your golden yellow scales are hard. (AC +8)
You cannot fit into any form of body armour.
You are cold-blooded and may be slowed by cold attacks.
Your life essence is reduced to manifest your ancestor. (-10% HP)


Message History

Your ice beast disappears in a puff of smoke!
The ice beast misses you. The ice beast closely misses you.
Firing (i - inventory. (/) - cycle)
E - 470 bolts (quivered)
Press: ? - help, Shift-Dir - straight line, f/p - Fannar
Aim: Fannar, wielding a +0 quarterstaff of freezing, wearing a +1 robe of cold resistance and wearing a cursed ring of ice (almost dead, poisoned)
You shoot a bolt. The bolt misses Fannar.
The ice beast closely misses you.
The ice beast hits you but does no damage.
Fannar casts a spell.
Fannar drains the heat from the surrounding environment!
You feel very cold.
* * * LOW HITPOINT WARNING * * *
You feel yourself slow down.
Fannar is frozen.
Fannar resists.
There is a stone staircase leading up here.
The ice beast closely misses you. The ice beast barely misses you.
Fannar casts a spell.
Fannar drains the heat from the surrounding environment!
You feel very cold.
You die...

##........#.# ###.....
...........## #.......
..........##### ##.......
...........##.# ####.......#
.....^........### ##...........
................# ##............
...............#####.............
.....P..........##............###
................@...........###
........[.......YY........###
##....#.#................##
####.###................# ###
#.#..............#
##.#............##
#.#e..........#.#
##..............### #
##.................#


You could see Fannar and 2 ice beasts.

Vanquished Creatures
  Gastronok (Lair:2)
  Harold (Lair:2)
  A centaur warrior (D:7)
  Pikel (D:4)
  Joseph (D:7)
  2 cane toads
  A komodo dragon (Lair:2)
  3 hippogriffs
  Grinder (D:4)
  A spriggan (D:7)
  Eustachio (D:5)
  7 yaks
  A hog (D:7)
  A warg (D:9)
  Edmund (D:5)
  A porcupine (Lair:2)
  A water moccasin (D:6)
  A black bear (Lair:2)
  A sky beast (D:6)
  2 slaves
  2 wolves (Lair:1)
  4 ogres
  A bullfrog (Lair:1)
  5 centaurs
  A scorpion (D:6)
  3 wights (D:9)
  A howler monkey (D:4)
  5 orc priests
  6 crimson imps
  A bullfrog zombie (D:7)
  2 jellies (D:6)
  A hound (D:4)
  5 orc wizards
  4 bullfrog skeletons
  2 iguanas
  Ijyb (D:4)
  3 worker ants
  2 hound skeletons
  A hound zombie (D:4)
  5 worker ant zombies
  Robin (D:4)
  15 adders
  A gnoll (D:6)
  2 shadow imps (D:5)
  An adder zombie (D:4)
  2 oozes
  An adder skeleton (D:6)
  3 worms
  4 dart slugs
  4 leopard geckos
  31 orcs
  3 ball pythons
  8 bats
  3 giant cockroaches (D:1)
  13 goblins
  14 hobgoblins
  10 jackals
  10 kobolds
  6 quokkas
  6 frilled lizards
  A jackal zombie (D:5)
  A quokka skeleton (D:4)
  A quokka zombie (D:4)
  3 rats
229 creatures vanquished.

Vanquished Creatures (collateral kills)
  2 hydras
  2 cane toads
  A troll (D:7)
  A hippogriff (D:6)
  4 yaks
  A basilisk (Lair:2)
  A steam dragon (D:9)
  2 wargs (D:9)
  A crocodile (D:7)
  A porcupine (Lair:2)
  2 orc warriors (D:9)
  2 black bears
  A sky beast (D:9)
  An ice beast (D:8)
  3 wolves (D:9)
  A centaur (D:7)
  A water moccasin zombie (D:9)
  A scorpion (D:7)
  2 wights (D:9)
  An orc priest (D:9)
  A crimson imp (D:6)
  A bullfrog skeleton (D:6)
  5 orc wizards
  A gnoll (D:6)
  An adder (D:7)
  4 orcs
  A hobgoblin (D:6)
  A kobold (D:6)
46 creatures vanquished.

Vanquished Creatures (others)
  2 slaves
  10 battlemagi
  An orc wizard (D:4)
  2 ancestors
15 creatures vanquished.

Grand Total: 290 creatures vanquished

Notes
Turn   | Place    | Note
-------+----------+-------------------------------------------
     0 | D:1      | Grijm the Draconian Ice Elementalist began the quest for
                  | the Orb.
     0 | D:1      | Reached XP level 1. HP: 14/14 MP: 3/3
   223 | D:1      | Reached skill level 1 in Fighting
   223 | D:1      | Reached XP level 2. HP: 22/23 MP: 0/5
   895 | D:1      | Reached XP level 3. HP: 28/28 MP: 6/6
   898 | D:1      | Learned a level 2 spell: Throw Frost
  1188 | D:2      | Reached XP level 4. HP: 36/36 MP: 8/8
  1664 | D:2      | Found a hide-covered altar of Uskayaw.
  1879 | D:2      | Found an ornate altar of the Wu Jian Council.
  2120 | D:3      | Reached XP level 5. HP: 27/41 MP: 4/10
  3051 | D:3      | Found a glowing silver altar of Zin.
  3189 | D:3      | Reached skill level 1 in Maces & Flails
  3346 | D:4      | Reached XP level 6. HP: 42/50 MP: 3/11
  3377 | D:4      | Noticed Grinder
  3505 | D:4      | Noticed a slave
  3516 | D:3      | Killed a slave
  3645 | D:4      | Noticed Robin
  3645 | D:4      | Noticed Pikel
  3645 | D:4      | Noticed a slave
  3663 | D:4      | Killed a slave
  3670 | D:4      | Killed Robin
  3704 | D:4      | Noticed a slave
  3715 | D:4      | Killed Pikel
  3716 | D:4      | Reached skill level 5 in Ice Magic
  3716 | D:4      | Your scales start taking on a golden yellow colour.
  3716 | D:4      | Reached XP level 7. HP: 57/59 MP: 11/13
  3906 | D:4      | Paralysed by Grinder for 3 turns
  3909 | D:4      | Killed Grinder
  3910 | D:4      | Reached XP level 8. HP: 48/66 MP: 10/14
  3958 | D:4      | Learned a level 4 spell: Throw Icicle
  3963 | D:4      | Learned a level 4 spell: Summon Ice Beast
  4011 | D:4      | Found a basalt altar of Yredelemnul.
  4648 | D:4      | Noticed Ijyb
  4669 | D:4      | Killed Ijyb
  4670 | D:4      | Reached skill level 5 in Maces & Flails
  4898 | D:4      | Found a basalt altar of Yredelemnul.
  5520 | D:5      | Entered Level 5 of the Dungeon
  5678 | D:5      | Noticed Edmund
  5686 | D:5      | Killed Edmund
  5968 | D:5      | Noticed Eustachio
  5974 | D:5      | Killed Eustachio
  6403 | D:6      | Found Zoes's Food Shoppe.
  6721 | D:6      | Reached XP level 9. HP: 71/71 MP: 8/15
  6755 | D:6      | Found a staircase to the Ecumenical Temple.
  6766 | Temple   | Entered the Ecumenical Temple
  6861 | Temple   | Became a worshipper of Hepliaklqana the Forgotten
  7364 | D:6      | Found a corrupted altar of Lugonu.
  7400 | D:6      | Found an iron altar of Okawaru.
  7817 | D:6      | Found a snail-covered altar of Cheibriados.
  7893 | D:7      | Noticed a centaur warrior
  7905 | D:7      | Killed a centaur warrior
  7906 | D:7      | Reached skill level 10 in Maces & Flails
  7908 | D:7      | Reached skill level 1 in Summonings
  7908 | D:7      | Reached skill level 1 in Evocations
  8044 | D:7      | Noticed Joseph
  8061 | D:7      | Killed Joseph
  8136 | D:7      | Noticed a troll
  8396 | D:7      | Reached * piety under Hepliaklqana
  8457 | D:7      | Reached XP level 10. HP: 51/72 MP: 13/16
  8791 | D:7      | Reached skill level 5 in Fighting
  9285 | D:7      | Reached skill level 5 in Conjurations
  9322 | D:8      | Reached skill level 5 in Spellcasting
  9382 | D:8      | Noticed a moth of wrath
  9384 | D:8      | Noticed a cyclops
  9387 | D:8      | Found a bloodstained altar of Trog.
  9387 | D:8      | Noticed Burana's ghost (novice VSAc)
  9403 | D:8      | Found a transporter.
  9407 | D:8      | Found a transporter.
  9717 | D:8      | Found a transporter.
  9726 | D:8      | Reached ** piety under Hepliaklqana
  9748 | D:8      | Remembered your ancestor Servius as a battlemage
  9943 | D:8      | Found Zyubluuff's Antique Weapon Shoppe.
 10223 | D:8      | Found a blossoming altar of Fedhas.
 10512 | D:8      | Found a transporter.
 10794 | D:9      | Found a staircase to the Lair.
 11204 | D:9      | Found Eperrene's Book Shoppe.
 11530 | Lair:1   | Entered Level 1 of the Lair of Beasts
 11566 | Lair:1   | Noticed a cane toad
 11572 | Lair:1   | Killed a cane toad
 11573 | Lair:1   | Reached XP level 11. HP: 77/77 MP: 12/20
 11573 | Lair:1   | Noticed a five-headed hydra
 11914 | D:9      | Killed a five-headed hydra
 12105 | Lair:1   | Noticed a six-headed hydra
 12128 | Lair:1   | Killed a six-headed hydra
 12440 | Lair:1   | Noticed an oklob plant
 12704 | Lair:2   | Reached *** piety under Hepliaklqana
 12712 | Lair:2   | Noticed Harold
 12757 | Lair:2   | Killed Harold
 12758 | Lair:2   | Reached skill level 1 in Shields
 12920 | Lair:2   | Noticed Sonja
 12954 | Lair:2   | Noticed Sonja
 12954 | Lair:2   | Sonja changed into Sonja the black bear
 12957 | Lair:2   | Killed Sonja the black bear
 13247 | Lair:2   | Noticed Gastronok
 13280 | Lair:2   | Killed Gastronok
 13281 | Lair:2   | Reached skill level 10 in Ice Magic
 13281 | Lair:2   | Reached XP level 12. HP: 61/84 MP: 14/25
 13396 | Lair:2   | Noticed Fannar
 13436 | Lair:2   | Killed from afar by Fannar

Skill      XL: |  1  2  3  4  5  6  7  8  9 10 11 |
---------------+----------------------------------+-----
Fighting       | 1 2 4 5 |  5.0
Spellcasting   | 3 4 6 9 |  9.4
Ice Magic      | 4 5 6 8 10 | 10.0
Conjurations   | 2 3 4 6 |  6.0
Maces & Flails | 1 3 7 10 | 10.0
Summonings     | 2 4 |  4.0
Evocations     | 2 4 |  4.0
Shields        | 4 |  4.0
Dodging        | |  1.7
Stealth        | |  2.0

Action                   |  1- 3 |  4- 6 |  7- 9 | 10-12 || total
-------------------------+-------+-------+-------+-------++-------
Melee: Dagger            |    47 |     6 |       |       ||    53
       Tailslap          |     6 |     8 |    15 |    20 ||    49
       Whip              |       |   128 |   128 |   184 ||   440
       Flail             |       |       |    56 |    40 ||    96
 Fire: Hand crossbow     |       |       |       |    13 ||    13
Throw: Stone             |       |     1 |     4 |       ||     5
       Javelin           |       |       |     7 |       ||     7
 Cast: Freeze            |    22 |    13 |    15 |     2 ||    52
       Throw Frost       |     2 |    85 |   102 |    47 ||   236
       Summon Ice Beast  |       |       |       |    50 ||    50
Invok: Ancestor Life: Ba |       |       |       |     1 ||     1
       Recall Ancestor   |       |       |       |     1 ||     1
 Abil: Breathe Acid      |       |       |     2 |     1 ||     3
Evoke: Wand              |       |     1 |     8 |     6 ||    15
  Use: Scroll            |       |       |     7 |       ||     7
       Potion            |       |       |       |     3 ||     3
 Stab: Sleeping          |     4 |     6 |     1 |       ||    11
       Distracted        |       |     1 |     1 |       ||     2
       Confused          |       |       |     1 |       ||     1
  Eat: Chunk             |     3 |    14 |    16 |    22 ||    55
       Ration            |       |       |     2 |     2 ||     4
Armor: Skin              |    15 |    35 |    56 |    75 ||   181
Dodge: Dodged            |    44 |    77 |    96 |   138 ||   355
